Dernière mise à jour: 2026-03-20 08:29:49
% Time on Ice - SEATTLE GRUNGE
Lines # - Real PCT - Wanted PCT - Time Play
Normal Forward
1 - 36% - 36% - 19:14
2 - 31% - 31% - 16:51
3 - 25% - 25% - 13:19
4 - 8% - 8% - 4:07
Normal Defense
1 - 35% - 37% - 18:43
2 - 35% - 36% - 18:48
3 - 24% - 17% - 12:39
4 - 6% - 10% - 3:21
PP Forward
1 - 59% - 55% - 2:38
2 - 41% - 45% - 1:52
PP Defense
1 - 59% - 55% - 2:38
2 - 41% - 45% - 1:52
PK Forward
1 - 64% - 55% - 1:16
2 - 36% - 45% - 0:43
PK Defense
1 - 36% - 55% - 0:43
2 - 64% - 45% - 1:16
PK3 Forward
1 - 0% - 55%
2 - 0% - 45%
PK3 Defense
1 - 0% - 55%
2 - 0% - 45%
44 Forward
1 - 0% - 55%
2 - 0% - 45%
44 Defense
1 - 0% - 55%
2 - 0% - 45%
Last Minute Offensive  - 0:00
Last Minute Defensive  - 0:00
Total
Forward - 60:00
Defense - 60:00
% Time on Ice - COLORADO GLACIERCATS
Lines # - Real PCT - Wanted PCT - Time Play
Normal Forward
1 - 39% - 40% - 21:07
2 - 35% - 40% - 18:57
3 - 21% - 20% - 11:20
4 - 4% - 0% - 2:07
Normal Defense
1 - 40% - 41% - 21:20
2 - 39% - 37% - 20:51
3 - 21% - 22% - 11:20
4 - 0% - 0% - 0:00
PP Forward
1 - 60% - 60% - 1:11
2 - 40% - 40% - 0:48
PP Defense
1 - 71% - 60% - 1:25
2 - 29% - 40% - 0:34
PK Forward
1 - 69% - 50% - 2:06
2 - 31% - 50% - 0:57
PK Defense
1 - 58% - 50% - 1:46
2 - 42% - 50% - 1:17
PK3 Forward
1 - 49% - 50% - 0:43
2 - 51% - 50% - 0:44
PK3 Defense
1 - 64% - 50% - 0:56
2 - 36% - 50% - 0:31
44 Forward
1 - 0% - 50%
2 - 0% - 50%
44 Defense
1 - 0% - 50%
2 - 0% - 50%
Last Minute Offensive  - 0:00
Last Minute Defensive  - 0:00
Total
Forward - 60:00
Defense - 60:00
Play-by-Play 1st period 0:01 of 1st period - Sean Monahan wins face-off versus Sidney Crosby in neutral zone. 0:33 of 1st period - Shot by William Nylander. 0:33 of 1st period - Shot Misses the Net. 1:09 of 1st period - Shot by Jamie Benn. 1:09 of 1st period - Stopped by Samuel Montembeault without a rebound. 1:10 of 1st period - Radek Faksa wins face-off versus Alexander Wennberg in SEATTLE GRUNGE zone. 1:10 of 1st period - Radek Faksa is hit by Jamie Benn. 1:27 of 1st period - Minor Penalty to Devon Toews for Tripping. 1:28 of 1st period - Christian Dvorak wins face-off versus Morgan Geekie in COLORADO GLACIERCATS zone. 1:28 of 1st period - Christian Dvorak is hit by Juraj Slafkovsky. 1:37 of 1st period - Off-side. 1:38 of 1st period - Christian Dvorak wins face-off versus Sean Monahan in neutral zone. 1:47 of 1st period - Travis Sanheim is hit by Jamie Benn and loses puck. 1:59 of 1st period - Minor Penalty to Jamie Oleksiak for High sticking. 2:00 of 1st period - Morgan Geekie wins face-off versus Leon Draisaitl in COLORADO GLACIERCATS zone. 2:21 of 1st period - Shot by Juraj Slafkovsky. 2:21 of 1st period - Stopped by Andrei Vasilevskiy without a rebound. 2:22 of 1st period - Alexander Wennberg wins face-off versus Sean Monahan in COLORADO GLACIERCATS zone. 3:30 of 1st period - Off-side. 3:31 of 1st period - Christian Dvorak wins face-off versus Morgan Geekie in neutral zone. 3:44 of 1st period - Shot by Juraj Slafkovsky. 3:44 of 1st period - Shot Misses the Net. 5:32 of 1st period - Shot by Sidney Crosby. 5:32 of 1st period - Goal by Sidney Crosby - SEATTLE GRUNGE : 0 - COLORADO GLACIERCATS : 1. 5:33 of 1st period - Morgan Geekie wins face-off versus Christian Dvorak in neutral zone. 5:35 of 1st period - Off-side. 5:36 of 1st period - Christian Dvorak wins face-off versus Juraj Slafkovsky in neutral zone. 5:57 of 1st period - Shot by Matvei Michkov. 5:57 of 1st period - Stopped by Andrei Vasilevskiy without a rebound. 5:58 of 1st period - Sean Monahan wins face-off versus Alexander Wennberg in COLORADO GLACIERCATS zone. 6:02 of 1st period - Josh Doan is hit by Rasmus Andersson and loses puck. 6:22 of 1st period - Sean Monahan is hit by Jamie Benn and loses puck. 6:31 of 1st period - Shot by Tage Thompson. 6:31 of 1st period - Stopped by Samuel Montembeault with a rebound. 6:35 of 1st period - Shot by Jamie Benn. 6:35 of 1st period - Stopped by Samuel Montembeault without a rebound. 6:36 of 1st period - Morgan Geekie wins face-off versus Sidney Crosby in SEATTLE GRUNGE zone. 6:50 of 1st period - Tomas Hertl is hit by Kaiden Guhle and loses puck. 6:55 of 1st period - Shot by Leon Draisaitl. 6:55 of 1st period - Stopped by Samuel Montembeault without a rebound. 6:56 of 1st period - Radek Faksa wins face-off versus Christian Dvorak in SEATTLE GRUNGE zone. 7:27 of 1st period - Shot by Radek Faksa. 7:27 of 1st period - Stopped by Andrei Vasilevskiy without a rebound. 7:28 of 1st period - Alexander Wennberg wins face-off versus Morgan Geekie in COLORADO GLACIERCATS zone. 7:52 of 1st period - Morgan Geekie is hit by Jamie Benn and loses puck. 7:56 of 1st period - Adam Pelech is hit by Erik Karlsson and loses puck. 8:53 of 1st period - William Nylander is hit by Devon Toews and loses puck. 9:08 of 1st period - Shot by Sean Monahan. 9:08 of 1st period - Shot Misses the Net. 9:23 of 1st period - Andrei Kuzmenko is hit by Devon Toews and loses puck. 9:34 of 1st period - Shot by Andrei Kuzmenko. 9:34 of 1st period - Shot Misses the Net. 9:36 of 1st period - Shot by Alexandre Carrier. 9:36 of 1st period - Shot Blocked by Erik Karlsson. 10:16 of 1st period - Shot by Juraj Slafkovsky. 10:16 of 1st period - Shot Misses the Net. 10:22 of 1st period - Shot by Juraj Slafkovsky. 10:22 of 1st period - Shot Misses the Net. 10:24 of 1st period - Shot by Kaiden Guhle. 10:24 of 1st period - Stopped by Andrei Vasilevskiy without a rebound. 10:25 of 1st period - Christian Dvorak wins face-off versus Luke Glendening in COLORADO GLACIERCATS zone. 10:25 of 1st period - Christian Dvorak is hit by Luke Glendening. 10:52 of 1st period - Shot by Neal Pionk. 10:52 of 1st period - Shot Misses the Net. 11:39 of 1st period - Shot by Leon Draisaitl. 11:39 of 1st period - Deflect By Sidney Crosby. 11:39 of 1st period - Shot Hit the Post. 11:43 of 1st period - Shot by Leon Draisaitl. 11:43 of 1st period - Stopped by Samuel Montembeault without a rebound. 11:44 of 1st period - Sidney Crosby wins face-off versus Sean Monahan in SEATTLE GRUNGE zone. 11:44 of 1st period - Leon Draisaitl is hit by Kaiden Guhle and loses puck. 11:49 of 1st period - Shot by Sidney Crosby. 11:49 of 1st period - Stopped by Samuel Montembeault without a rebound. 11:50 of 1st period - Sean Monahan wins face-off versus Christian Dvorak in SEATTLE GRUNGE zone. 12:07 of 1st period - Shot by William Nylander. 12:07 of 1st period - Shot Misses the Net. 12:31 of 1st period - Shot by Sean Monahan. 12:31 of 1st period - Shot Misses the Net. 12:33 of 1st period - Shot by Kaiden Guhle. 12:33 of 1st period - Stopped by Andrei Vasilevskiy without a rebound. 12:34 of 1st period - Morgan Geekie wins face-off versus Sidney Crosby in COLORADO GLACIERCATS zone. 12:48 of 1st period - Shot by Matvei Michkov. 12:48 of 1st period - Shot Misses the Net. 14:51 of 1st period - Shot by William Nylander. 14:51 of 1st period - Shot Misses the Net. 15:04 of 1st period - Minor Penalty to Josh Doan for Roughing. 15:05 of 1st period - Radek Faksa wins face-off versus Sidney Crosby in SEATTLE GRUNGE zone. 15:57 of 1st period - Alexandre Carrier is hit by Alexander Wennberg and loses puck. 16:30 of 1st period - Shot by Lane Hutson. 16:30 of 1st period - Shot Hit the Post. 16:43 of 1st period - Shot by Lane Hutson. 16:43 of 1st period - Stopped by Samuel Montembeault with a rebound. 17:05 of 1st period - Shot by Christian Dvorak. 17:05 of 1st period - Stopped by Samuel Montembeault without a rebound. 17:06 of 1st period - Christian Dvorak wins face-off versus Sean Monahan in SEATTLE GRUNGE zone. 17:11 of 1st period - Shot by Corey Perry. 17:11 of 1st period - Stopped by Samuel Montembeault without a rebound. 17:12 of 1st period - Christian Dvorak wins face-off versus Sean Monahan in SEATTLE GRUNGE zone. 17:23 of 1st period - Shot by Keegan Kolesar. 17:23 of 1st period - Shot Misses the Net. 17:25 of 1st period - Shot by Christian Dvorak. 17:25 of 1st period - Stopped by Samuel Montembeault without a rebound. 17:26 of 1st period - Jamie Benn wins face-off versus Morgan Geekie in SEATTLE GRUNGE zone. 17:26 of 1st period - Jamie Benn is hit by Neal Pionk. 18:07 of 1st period - Off-side. 18:08 of 1st period - Sean Monahan wins face-off versus Sidney Crosby in neutral zone. 18:19 of 1st period - Shot by Sean Monahan. 18:19 of 1st period - Shot Misses the Net. 18:24 of 1st period - Off-side. 18:25 of 1st period - Luke Glendening wins face-off versus Christian Dvorak in neutral zone. 18:28 of 1st period - Erik Karlsson is hit by Alexey Toropchenko and loses puck. 18:38 of 1st period - Shot by Corey Perry. 18:38 of 1st period - Stopped by Samuel Montembeault without a rebound. 18:39 of 1st period - Sean Monahan wins face-off versus Sidney Crosby in SEATTLE GRUNGE zone. 18:46 of 1st period - Shot by William Nylander. 18:46 of 1st period - Shot Misses the Net. 19:20 of 1st period - Sidney Crosby is hit by Josh Doan and loses puck. 19:42 of 1st period - Icing by Travis Sanheim. 19:43 of 1st period - Alexander Wennberg wins face-off versus Morgan Geekie in SEATTLE GRUNGE zone. Goals for this period are 0 for SEATTLE GRUNGE vs 1 for COLORADO GLACIERCATS. Shots for this period are 5 for SEATTLE GRUNGE vs 12 for COLORADO GLACIERCATS. 2nd period 0:01 of 2nd period - Alexander Wennberg wins face-off versus Morgan Geekie in neutral zone. 0:15 of 2nd period - Shot by Matvei Michkov. 0:15 of 2nd period - Stopped by Andrei Vasilevskiy with a rebound. 1:25 of 2nd period - Shot by Sean Monahan. 1:25 of 2nd period - Shot Misses the Net. 1:27 of 2nd period - Shot by Sean Monahan. 1:27 of 2nd period - Stopped by Andrei Vasilevskiy with a rebound. 1:29 of 2nd period - Shot by Kaiden Guhle. 1:29 of 2nd period - Stopped by Andrei Vasilevskiy without a rebound. 1:30 of 2nd period - Radek Faksa wins face-off versus Tomas Hertl in COLORADO GLACIERCATS zone. 1:35 of 2nd period - Shot by Tyler Seguin. 1:35 of 2nd period - Shot Misses the Net. 1:37 of 2nd period - Shot by Radek Faksa. 1:37 of 2nd period - Stopped by Andrei Vasilevskiy without a rebound. 1:38 of 2nd period - Sidney Crosby wins face-off versus Radek Faksa in COLORADO GLACIERCATS zone. 1:38 of 2nd period - Sidney Crosby is hit by Andrei Kuzmenko. 1:48 of 2nd period - Alexandre Carrier is hit by Tomas Hertl and loses puck. 2:08 of 2nd period - Icing by Brandon Carlo. 2:09 of 2nd period - Radek Faksa wins face-off versus Christian Dvorak in SEATTLE GRUNGE zone. 2:39 of 2nd period - Off-side. 2:40 of 2nd period - Sidney Crosby wins face-off versus Josh Doan in neutral zone. 2:43 of 2nd period - Shot by Sidney Crosby. 2:43 of 2nd period - Stopped by Samuel Montembeault without a rebound. 2:44 of 2nd period - Sidney Crosby wins face-off versus Sean Monahan in SEATTLE GRUNGE zone. 2:53 of 2nd period - Shot by Lane Hutson. 2:53 of 2nd period - Stopped by Samuel Montembeault without a rebound. 2:54 of 2nd period - Sidney Crosby wins face-off versus Morgan Geekie in SEATTLE GRUNGE zone. 3:07 of 2nd period - Shot by Sidney Crosby. 3:07 of 2nd period - Shot Blocked by Morgan Geekie. 3:09 of 2nd period - Shot by Lane Hutson. 3:09 of 2nd period - Stopped by Samuel Montembeault without a rebound. 3:10 of 2nd period - Sean Monahan wins face-off versus Alexander Wennberg in SEATTLE GRUNGE zone. 3:37 of 2nd period - Jamie Benn is hit by Neal Pionk. 3:59 of 2nd period - Alexander Wennberg is hit by Travis Sanheim and loses puck. 4:14 of 2nd period - Icing by Rasmus Andersson. 4:15 of 2nd period - Sidney Crosby wins face-off versus Morgan Geekie in COLORADO GLACIERCATS zone. 4:36 of 2nd period - Shot by Sidney Crosby. 4:36 of 2nd period - Deflect By Tomas Hertl. 4:36 of 2nd period - Stopped by Samuel Montembeault without a rebound. 4:37 of 2nd period - Radek Faksa wins face-off versus Christian Dvorak in SEATTLE GRUNGE zone. 4:45 of 2nd period - Tyler Seguin is hit by Jamie Oleksiak and loses puck. 5:52 of 2nd period - Shot by Leon Draisaitl. 5:52 of 2nd period - Deflect By Sidney Crosby. 5:52 of 2nd period - Stopped by Samuel Montembeault with a rebound. 6:07 of 2nd period - Shot by Leon Draisaitl. 6:07 of 2nd period - Stopped by Samuel Montembeault without a rebound. 6:08 of 2nd period - Alexander Wennberg wins face-off versus Sean Monahan in SEATTLE GRUNGE zone. 6:23 of 2nd period - Shot by Josh Doan. 6:23 of 2nd period - Stopped by Andrei Vasilevskiy without a rebound. 6:24 of 2nd period - Luke Glendening wins face-off versus Sidney Crosby in COLORADO GLACIERCATS zone. 6:32 of 2nd period - Sidney Crosby is hit by Alexey Toropchenko and loses puck. 6:43 of 2nd period - Shot by Lane Hutson. 6:43 of 2nd period - Shot Blocked by Brandon Carlo. 7:07 of 2nd period - Shot by Leon Draisaitl. 7:07 of 2nd period - Stopped by Samuel Montembeault without a rebound. 7:08 of 2nd period - Sean Monahan wins face-off versus Alexander Wennberg in SEATTLE GRUNGE zone. 7:08 of 2nd period - Sean Monahan is hit by Jamie Benn. 7:24 of 2nd period - Shot by Jamie Benn. 7:24 of 2nd period - Stopped by Samuel Montembeault with a rebound. 7:26 of 2nd period - Shot by Alexander Wennberg. 7:26 of 2nd period - Stopped by Samuel Montembeault without a rebound. 7:27 of 2nd period - Christian Dvorak wins face-off versus Morgan Geekie in SEATTLE GRUNGE zone. 8:30 of 2nd period - Jamie Benn is hit by Kaiden Guhle. 8:34 of 2nd period - Shot by Alexander Wennberg. 8:34 of 2nd period - Shot Misses the Net. 9:05 of 2nd period - Shot by Sean Monahan. 9:05 of 2nd period - Shot Misses the Net. 9:07 of 2nd period - Shot by William Nylander. 9:07 of 2nd period - Shot Misses the Net. 9:09 of 2nd period - Shot by Josh Doan. 9:09 of 2nd period - Stopped by Andrei Vasilevskiy without a rebound. 9:10 of 2nd period - Sidney Crosby wins face-off versus Andrei Kuzmenko in COLORADO GLACIERCATS zone. 9:17 of 2nd period - Icing by Andrei Kuzmenko. 9:18 of 2nd period - Tomas Hertl wins face-off versus Radek Faksa in SEATTLE GRUNGE zone. 9:41 of 2nd period - Shot by Leon Draisaitl. 9:41 of 2nd period - Stopped by Samuel Montembeault with a rebound. 9:46 of 2nd period - Icing by Alexandre Carrier. 9:47 of 2nd period - Tyler Seguin wins face-off versus Christian Dvorak in SEATTLE GRUNGE zone. 10:00 of 2nd period - Shot by Corey Perry. 10:00 of 2nd period - Stopped by Samuel Montembeault without a rebound. 10:01 of 2nd period - Sean Monahan wins face-off versus Alexander Wennberg in SEATTLE GRUNGE zone. 10:12 of 2nd period - Shot by Sean Monahan. 10:12 of 2nd period - Deflect By Josh Doan. 10:12 of 2nd period - Shot Misses the Net. 10:14 of 2nd period - Shot by Neal Pionk. 10:14 of 2nd period - Stopped by Andrei Vasilevskiy without a rebound. 10:15 of 2nd period - Sidney Crosby wins face-off versus Morgan Geekie in COLORADO GLACIERCATS zone. 10:28 of 2nd period - Shot by Juraj Slafkovsky. 10:28 of 2nd period - Shot Blocked by Devon Toews. 10:30 of 2nd period - Shot by Juraj Slafkovsky. 10:30 of 2nd period - Shot Misses the Net. 10:32 of 2nd period - Shot by Juraj Slafkovsky. 10:32 of 2nd period - Shot Misses the Net. 10:34 of 2nd period - Shot by Matvei Michkov. 10:34 of 2nd period - Stopped by Andrei Vasilevskiy with a rebound. 10:39 of 2nd period - Juraj Slafkovsky is hit by Erik Karlsson and loses puck. 10:54 of 2nd period - Icing by Kaiden Guhle. 10:55 of 2nd period - Alexander Wennberg wins face-off versus Morgan Geekie in SEATTLE GRUNGE zone. 11:00 of 2nd period - Shot by Tage Thompson. 11:00 of 2nd period - Stopped by Samuel Montembeault without a rebound. 11:01 of 2nd period - Sean Monahan wins face-off versus Alexander Wennberg in SEATTLE GRUNGE zone. 11:01 of 2nd period - Sean Monahan is hit by Jamie Benn. 11:11 of 2nd period - Shot by Sean Monahan. 11:11 of 2nd period - Shot Blocked by Rasmus Andersson. 11:31 of 2nd period - Shot by Alexander Wennberg. 11:31 of 2nd period - Shot Misses the Net. 11:33 of 2nd period - Shot by Rasmus Andersson. 11:33 of 2nd period - Stopped by Samuel Montembeault without a rebound. 11:34 of 2nd period - Sidney Crosby wins face-off versus Tyler Seguin in SEATTLE GRUNGE zone. 11:55 of 2nd period - Shot by Sidney Crosby. 11:55 of 2nd period - Shot Misses the Net. 12:15 of 2nd period - Shot by Sidney Crosby. 12:15 of 2nd period - Stopped by Samuel Montembeault with a rebound. 12:17 of 2nd period - Shot by Tomas Hertl. 12:17 of 2nd period - Shot Misses the Net. 12:19 of 2nd period - Shot by Tomas Hertl. 12:19 of 2nd period - Stopped by Samuel Montembeault without a rebound. 12:20 of 2nd period - Sean Monahan wins face-off versus Alexander Wennberg in SEATTLE GRUNGE zone. 12:39 of 2nd period - Shot by Tage Thompson. 12:39 of 2nd period - Deflect By Alexander Wennberg. 12:39 of 2nd period - Shot Misses the Net. 12:55 of 2nd period - Shot by Tage Thompson. 12:55 of 2nd period - Shot Misses the Net. 12:57 of 2nd period - Shot by Alexander Wennberg. 12:57 of 2nd period - Shot Misses the Net. 12:59 of 2nd period - Shot by Alexander Wennberg. 12:59 of 2nd period - Stopped by Samuel Montembeault without a rebound. 13:00 of 2nd period - Christian Dvorak wins face-off versus Morgan Geekie in SEATTLE GRUNGE zone. 13:01 of 2nd period - Shot by Keegan Kolesar. 13:01 of 2nd period - Stopped by Samuel Montembeault without a rebound. 13:02 of 2nd period - Morgan Geekie wins face-off versus Sidney Crosby in SEATTLE GRUNGE zone. 13:19 of 2nd period - Shot by Juraj Slafkovsky. 13:19 of 2nd period - Stopped by Andrei Vasilevskiy without a rebound. 13:20 of 2nd period - Radek